[Event "Titled Tuesday Blitz July 11 Early 2023"]
[White "Haszon, David"]
[Black "MunichMouse"]
[WhiteFideId "733610"]
[WhiteElo "2505"]
[BlackElo "2292"]
[Result "1-0"]
[Round "2"]
[TimeControl "180+2"]
[Date "2023.07.11"]
[WhiteClock "0:00:43"]
[BlackClock "0:00:01"]
[Board "176"]

1. d4 Nf6 2. Bf4 g6 3. Nc3 d5 4. Qd2 h6 5. O-O-O Ne4 6. Nxe4 dxe4 7. f3 exf3 8. Nxf3 Bg7 9. e4 Nc6 10. d5 Nb8 11. Be5 O-O 12. Bxg7 Kxg7 13. h4 h5 14. Be2 Bg4 15. Ne5 Bxe2 16. Qxe2 Nd7 17. Nd3 Nf6 18. c4 Ng4 19. Nf2 Qd7 20. Kb1 e5 21. Nxg4 Qxg4 22. Qc2 b6 23. a3 a5 24. Rdf1 f6 25. Ka2 a4 26. Rf3 Qd7 27. Rg1 Qg4 28. Rd1 Qxh4 29. d6 cxd6 30. Rxd6 Rad8 31. Rfd3 Rxd6 32. Rxd6 Rf7 33. Rxb6 Qe1 34. c5 Qg1 35. Rb4 h4 36. Rxa4 g5 37. c6 Rc7 38. Rb4 g4 39. Rb7 Rxb7 40. cxb7 Qb6 41. Qb3 1-0


[Site "https://www.chess.com"]

[Event "Titled Tuesday Blitz July 11 Early 2023"]
[White "Moskvin, Anatoly"]
[Black "Mikhaylova, Irina"]
[WhiteFideId "24199990"]
[BlackFideId "4109040"]
[WhiteElo "2505"]
[BlackElo "2272"]
[Result "1-0"]
[Round "2"]
[TimeControl "180+2"]
[Date "2023.07.11"]
[WhiteClock "0:00:37"]
[BlackClock "0:00:34"]
[Board "177"]

1. e4 c5 2. Nc3 Nc6 3. g3 d6 4. Bg2 g6 5. Nge2 Bg7 6. d3 e6 7. Be3 Nd4 8. h4 h5 9. Qd2 Qa5 10. Nc1 Ne7 11. O-O Nec6 12. Nb3 Nxb3 13. axb3 Qc7 14. f4 Nd4 15. Kh1 O-O 16. Ra2 a5 17. Rfa1 Bd7 18. Ne2 Nxe2 19. Qxe2 Bc6 20. c3 b6 21. Qf2 f5 22. exf5 exf5 23. b4 a4 24. b5 Bxg2+ 25. Qxg2 Rae8 26. Bg1 Qd7 27. c4 Re7 28. Rxa4 Rfe8 29. Ra8 Kh7 30. Qc6 Qe6 31. Rxe8 Rxe8 32. Ra7 Qe2 33. Qb7 Rg8 34. Qd5 Re8 35. d4 cxd4 36. Qxd4 Rg8 37. Qd5 Kh6 38. b3 Qg4 39. Kg2 Qe2+ 40. Bf2 Re8 41. Qb7 Rg8 42. Qf3 Qe6 43. Qd3 Re8 44. Kh3 Re7 45. Rxe7 Qxe7 46. Bd4 Bxd4 47. Qxd4 Qc7 48. Qh8+ Qh7 49. Qxh7+ Kxh7 50. Kg2 Kg7 51. Kf3 Kf7 52. Ke3 Ke6 53. Kd4 Kd7 54. Kd5 Kc7 55. b4 Kd7 56. c5 dxc5 57. bxc5 bxc5 58. Kxc5 Kc7 59. Kd5 Kb7 60. Ke5 Kb6 61. Kf6 Kxb5 62. Kxg6 Kc4 63. Kxf5 Kd5 64. Kg5 Ke6 65. Kxh5 Kf7 66. g4 Kg8 67. f5 1-0


[Site "https://www.chess.com"]

[Event "Titled Tuesday Blitz July 11 Early 2023"]
[White "Frolyanov, Dmitry"]
[Black "Liu, Kelsey"]
[WhiteFideId "4151976"]
[BlackFideId "30944481"]
[WhiteElo "2504"]
[BlackElo "2266"]
[Result "1-0"]
[Round "2"]
[TimeControl "180+2"]
[Date "2023.07.11"]
[WhiteClock "0:00:18"]
[BlackClock "0:00:09"]
[Board "178"]

1. d4 Nf6 2. c4 c6 3. Nc3 d5 4. Nf3 Bf5 5. cxd5 cxd5 6. Bf4 Nc6 7. e3 e6 8. Bb5 Bd6 9. Ne5 Bxe5 10. Bxe5 Nd7 11. Bg3 O-O 12. O-O a6 13. Bxc6 bxc6 14. Na4 Nf6 15. Rc1 Rc8 16. Nc5 Ne4 17. Nxe4 Bxe4 18. Rc3 Qa5 19. Ra3 Qb5 20. Qd2 Rfd8 21. f3 Bg6 22. Rc1 h6 23. Ra5 Qb6 24. Rac5 Rd7 25. b3 Rb7 26. Qc3 Ra7 27. Rxc6 Rxc6 28. Qxc6 Qxc6 29. Rxc6 Bb1 30. a3 a5 31. Bd6 Rb7 32. b4 axb4 33. axb4 Bd3 34. Rc3 Bb5 35. Ra3 Kh7 36. Bc5 Kg6 37. Kf2 Kf5 38. Ra5 f6 39. g4+ Kg6 40. h4 e5 41. h5+ Kf7 42. Ra8 exd4 43. Bxd4 Rc7 44. Bc5 Rb7 45. Kg3 g6 46. hxg6+ Kxg6 47. f4 h5 48. f5+ Kh6 49. Rh8+ Kg7 50. Rxh5 Be8 51. Rh2 Rb8 52. Ra2 Bc6 53. Ra7+ Kh6 54. Ra6 Rc8 55. Bd4 Kg7 56. g5 Kf7 57. Bxf6 1-0


[Site "https://www.chess.com"]

[Event "Titled Tuesday Blitz July 11 Early 2023"]
[White "Lehtosaari, Mauri"]
[Black "Kuchava, Ana"]
[WhiteFideId "501999"]
[BlackFideId "13605348"]
[WhiteElo "2504"]
[BlackElo "2262"]
[Result "1-0"]
[Round "2"]
[TimeControl "180+2"]
[Date "2023.07.11"]
[WhiteClock "0:00:54"]
[BlackClock "0:00:09"]
[Board "179"]

1. d4 d5 2. Nf3 Nf6 3. Bg5 Ne4 4. Bf4 c6 5. e3 Bf5 6. Nbd2 e6 7. c3 Be7 8. h3 Nd7 9. Qb3 Qb6 10. Be2 O-O 11. O-O c5 12. Nxe4 Bxe4 13. Qb5 Qxb5 14. Bxb5 Nf6 15. Ne5 a6 16. Be2 b5 17. Bg5 Rac8 18. a4 c4 19. axb5 axb5 20. Ra7 Bd6 21. Bxf6 gxf6 22. Nd7 Rfd8 23. Nxf6+ Kg7 24. Nxe4 dxe4 25. Bg4 Kg6 26. Rfa1 f5 27. Be2 b4 28. R1a6 Bf8 29. Rxe6+ Kg5 30. g3 1-0


[Site "https://www.chess.com"]

[Event "Titled Tuesday Blitz July 11 Early 2023"]
[White "tomobeast"]
[Black "Santos Flores, Alberto"]
[BlackFideId "3601234"]
[WhiteElo "2260"]
[BlackElo "2502"]
[Result "1/2-1/2"]
[Round "2"]
[TimeControl "180+2"]
[Date "2023.07.11"]
[WhiteClock "0:00:26"]
[BlackClock "0:01:44"]
[Board "180"]

1. e4 c5 2. Nf3 Nc6 3. d4 cxd4 4. Nxd4 g6 5. c4 Nf6 6. Nc3 d6 7. Be2 Nxd4 8. Qxd4 Bg7 9. Be3 O-O 10. Qd2 Be6 11. O-O Qa5 12. Rad1 Rfc8 13. b3 a6 14. f4 b5 15. f5 Bd7 16. Bd4 bxc4 17. Bxc4 Bb5 18. Bxf6 Bxf6 19. Nd5 Qxd2 20. Nxf6+ exf6 21. Rxd2 Bxc4 22. bxc4 Rxc4 23. Rxd6 Rxe4 24. fxg6 hxg6 25. Rfxf6 Ra4 26. Rd7 Rf8 27. Ra7 Rxa2 28. Rfxa6 Rxa6 29. Rxa6 Kg7 30. h3 Rb8 31. Kh2 Rb3 32. Ra5 Kh6 33. Rc5 f5 34. Ra5 Kg5 35. Rc5 Rb2 36. Rc4 Kf6 37. Rc5 g5 38. Rc6+ Ke5 39. Rc5+ Ke6 40. Rc6+ Kd5 41. Rg6 g4 42. hxg4 fxg4 43. Rxg4 Ke5 44. Rg8 Kf5 45. Kh3 Kf6 46. Kh4 Kf7 47. Rg5 Kf6 48. g3 Rb4+ 49. g4 Rb1 50. Ra5 Rh1+ 51. Kg3 Kg6 52. Ra6+ Kg5 53. Ra5+ Kg6 54. Ra6+ Kg5 55. Ra5+ Kg6 1/2-1/2


[Site "https://www.chess.com"]

[Event "Titled Tuesday Blitz July 11 Early 2023"]
[White "Manukian, Artak"]
[Black "Xavier_mompel"]
[WhiteFideId "13301373"]
[WhiteElo "2501"]
[BlackElo "2259"]
[Result "1-0"]
[Round "2"]
[TimeControl "180+2"]
[Date "2023.07.11"]
[WhiteClock "0:00:21"]
[BlackClock "0:00:00"]
[Board "181"]

1. e4 c5 2. Nf3 e6 3. c3 Nf6 4. e5 Nd5 5. d4 cxd4 6. cxd4 d6 7. Nc3 Nxc3 8. bxc3 Qc7 9. Bd2 Nd7 10. Bb5 a6 11. Bxd7+ Bxd7 12. O-O Bc6 13. Re1 Be7 14. Bg5 Bxg5 15. Nxg5 h6 16. Qh5 O-O 17. Nh3 dxe5 18. dxe5 Rad8 19. Re3 Rd2 20. Rg3 Rfd8 21. Re1 g6 22. Nf4 Qb6 23. Rxg6+ fxg6 24. Qxg6+ Kh8 25. Qf6+ Kg8 26. Qxe6+ Kg7 27. Nh5+ Kf8 28. Qxh6+ Ke8 29. Nf6+ Ke7 30. Ne4 Bxe4 31. Qxb6 Rd1 32. Qb4+ Ke8 33. Qxe4 1-0


[Site "https://www.chess.com"]

[Event "Titled Tuesday Blitz July 11 Early 2023"]
[White "UgarteCesar"]
[Black "Keleberda, Tymur"]
[BlackFideId "14174294"]
[WhiteElo "2258"]
[BlackElo "2497"]
[Result "0-1"]
[Round "2"]
[TimeControl "180+2"]
[Date "2023.07.11"]
[WhiteClock "0:01:08"]
[BlackClock "0:01:56"]
[Board "182"]

1. d4 Nf6 2. Bf4 d6 3. e3 g6 4. Nf3 Bg7 5. h3 b6 6. Be2 Bb7 7. Nbd2 Nbd7 8. a4 O-O 9. O-O Re8 10. Bh2 a6 11. c3 e5 12. dxe5 dxe5 13. Nc4 e4 14. Nd4 Rc8 15. Qb3 Nc5 16. Qc2 Qd5 17. Rfd1 Nd3 18. b3 c5 19. Nxb6 Qg5 20. Nxc8 Rxc8 21. f4 Qh4 22. Bxd3 exd3 23. Qf2 Qxf2+ 24. Kxf2 Ne4+ 25. Kg1 cxd4 26. cxd4 d2 27. Kf1 Bf8 28. Ke2 Bb4 29. Kd3 Nf2+ 30. Ke2 Nxd1 31. Kxd1 Bxg2 32. h4 Bf3# 0-1


[Site "https://www.chess.com"]

[Event "Titled Tuesday Blitz July 11 Early 2023"]
[White "Sala, Giulia"]
[Black "Michalczak, Thomas"]
[WhiteFideId "2840451"]
[BlackFideId "4622634"]
[WhiteElo "2254"]
[BlackElo "2493"]
[Result "0-1"]
[Round "2"]
[TimeControl "180+2"]
[Date "2023.07.11"]
[WhiteClock "0:00:00"]
[BlackClock "0:00:19"]
[Board "184"]

1. e3 d5 2. d4 Nf6 3. Bd3 c5 4. Nf3 Nbd7 5. c3 Qc7 6. O-O e5 7. Nxe5 Nxe5 8. dxe5 Qxe5 9. Bc2 Bd6 10. f4 Qe7 11. Nd2 O-O 12. e4 dxe4 13. Nxe4 Nxe4 14. Bxe4 Rd8 15. Qf3 Rb8 16. Be3 Re8 17. Bxh7+ Kxh7 18. Qh5+ Kg8 19. Rf3 Qf6 20. Bxc5 Bxc5+ 21. Qxc5 b6 22. Qc7 Bb7 23. Rff1 Qc6 24. Qxc6 Bxc6 25. Rad1 Rbd8 26. Kf2 Kf8 27. g3 Ke7 28. Rfe1+ Kf6 29. Rxd8 Rxd8 30. Re2 Bb5 31. Rc2 Rd3 32. c4 Bc6 33. b4 Rf3+ 34. Ke2 Ra3 35. Kd2 Be4 36. Rb2 Rd3+ 37. Ke2 Rc3 38. Rd2 Rxc4 39. Rd6+ Ke7 0-1


[Site "https://www.chess.com"]

[Event "Titled Tuesday Blitz July 11 Early 2023"]
[White "Magallanes, Rey Jomar"]
[Black "Kleiman, Jake"]
[WhiteFideId "5205948"]
[BlackFideId "2020041"]
[WhiteElo "2249"]
[BlackElo "2491"]
[Result "0-1"]
[Round "2"]
[TimeControl "180+2"]
[Date "2023.07.11"]
[WhiteClock "0:01:15"]
[BlackClock "0:00:58"]
[Board "185"]

1. e4 e5 2. Nf3 Nc6 3. Bc4 Bc5 4. d3 Nf6 5. c3 O-O 6. a4 a6 7. b4 Ba7 8. O-O h6 9. Re1 Re8 10. Nbd2 d6 11. Nf1 Ne7 12. Qb3 Rf8 13. Be3 Ng6 14. Bxa7 Rxa7 15. d4 Nh5 16. dxe5 dxe5 17. Rad1 Qf6 18. Ne3 Nhf4 19. Nd5 Nxd5 20. exd5 Bg4 21. Be2 Nf4 22. Qc2 Raa8 23. Qe4 Rfe8 24. h3 Bh5 25. c4 a5 26. b5 b6 27. Rd2 Rad8 28. Bd1 Nxh3+ 29. gxh3 Bxf3 30. Qxf3 Qg5+ 31. Qg4 Qxd2 32. Qe4 f5 33. Qe3 Qxe3 34. Rxe3 e4 35. Bh5 Re7 36. Bg6 Rf8 37. f3 Rf6 38. Bh5 g6 39. fxe4 gxh5 40. e5 f4 41. Re4 Rf5 42. e6 f3 43. Kf2 Kf8 44. Rd4 Rg7 45. c5 bxc5 46. Rd3 Rg2+ 47. Kf1 f2 48. b6 Rg1+ 49. Ke2 f1=Q+ 50. Kd2 Qc1+ 51. Ke2 Re1# 0-1


[Site "https://www.chess.com"]

[Event "Titled Tuesday Blitz July 11 Early 2023"]
[White "Postlmayer, Jakob"]
[Black "De Souza, Cristiano Gomes"]
[WhiteFideId "1643622"]
[BlackFideId "2151758"]
[WhiteElo "2489"]
[BlackElo "2246"]
[Result "1-0"]
[Round "2"]
[TimeControl "180+2"]
[Date "2023.07.11"]
[WhiteClock "0:00:24"]
[BlackClock "0:00:20"]
[Board "186"]

1. d4 Nf6 2. c4 g6 3. Nc3 Bg7 4. e4 d6 5. f3 O-O 6. Be3 Nc6 7. Nge2 a6 8. Qd2 Rb8 9. Rc1 Bd7 10. Nd1 b5 11. c5 e6 12. Nf2 Qe7 13. g4 Rfc8 14. Bg2 h5 15. h3 b4 16. O-O Na5 17. b3 Bb5 18. Rfd1 hxg4 19. hxg4 Nd7 20. cxd6 cxd6 21. Nf4 Nc6 22. Bf1 Bxf1 23. Kxf1 a5 24. Kg2 Nb6 25. d5 Ne5 26. Rxc8+ Nxc8 27. dxe6 fxe6 28. N2d3 Qf7 29. Nxe5 Bxe5 30. Ne2 Ne7 31. f4 Rf8 32. Rf1 Bc3 33. Nxc3 bxc3 34. Qxc3 d5 35. Rh1 Qf6 36. Qxf6 Rxf6 37. e5 Rf8 38. Rc1 Rc8 39. Rxc8+ Nxc8 40. Bc5 Kf7 41. Kf3 Ke8 42. Ke3 Kd7 43. Kd4 Kc6 44. a4 Nb6 45. Bxb6 Kxb6 46. f5 exf5 47. gxf5 gxf5 48. Kxd5 f4 49. Ke4 Kc5 50. Kxf4 Kb4 51. e6 Kxb3 52. e7 Kxa4 53. e8=Q+ Kb3 54. Qb5+ 1-0


[Site "https://www.chess.com"]

[Event "Titled Tuesday Blitz July 11 Early 2023"]
[White "Chemin, Justo Reinaldo"]
[Black "Matyukov, Petr"]
[WhiteFideId "2101580"]
[BlackFideId "4103688"]
[WhiteElo "2245"]
[BlackElo "2488"]
[Result "0-1"]
[Round "2"]
[TimeControl "180+2"]
[Date "2023.07.11"]
[WhiteClock "0:00:00"]
[BlackClock "0:00:04"]
[Board "187"]

1. d4 Nf6 2. c3 c5 3. Nf3 g6 4. Bf4 Bg7 5. Nbd2 O-O 6. e3 b6 7. h3 Bb7 8. Be2 d6 9. O-O Nbd7 10. a4 a6 11. Bh2 Rc8 12. b4 Qc7 13. b5 Ra8 14. Qb3 Rfc8 15. c4 Ne4 16. Nxe4 Bxe4 17. Rad1 axb5 18. axb5 Qa7 19. Ng5 Bb7 20. d5 h6 21. Ne4 Qa2 22. Qxa2 Rxa2 23. Bf3 Ne5 24. Bxe5 Bxe5 25. Rc1 Rca8 26. g4 R8a4 27. Kg2 Bc8 28. Ng3 e6 29. Bd1 Rb4 30. e4 Rd2 31. Ne2 exd5 32. exd5 f5 33. f4 Bb2 34. Rb1 fxg4 35. hxg4 Bxg4 36. Kf2 Rxc4 37. Ke3 Bc1 38. Rxc1 Rxc1 39. Nxc1 Rxd1 40. Rxd1 Bxd1 41. Nd3 Ba4 42. Nf2 Bxb5 43. Ne4 Be8 44. Nxd6 Kf8 45. Nc4 b5 46. Ne5 Ke7 47. Nd3 Kd6 48. Ke4 g5 49. f5 Bd7 50. Ne5 c4 51. Nf7+ Kc5 52. Nxh6 c3 53. f6 Be8 54. Nf5 c2 55. Ng7 Bg6+ 56. Ke5 c1=Q 57. Ne6+ Kb4 58. Kd6 Qe3 59. Ke7 g4 60. f7 Bxf7 61. Kxf7 g3 62. d6 Qd3 63. Ke7 g2 64. Nf4 Qxd6+ 0-1


[Site "https://www.chess.com"]

[Event "Titled Tuesday Blitz July 11 Early 2023"]
[White "Kovacsy, Barnabas"]
[Black "Sarkar, Justin"]
[WhiteFideId "769290"]
[BlackFideId "2010011"]
[WhiteElo "2487"]
[BlackElo "2243"]
[Result "1/2-1/2"]
[Round "2"]
[TimeControl "180+2"]
[Date "2023.07.11"]
[WhiteClock "0:01:03"]
[BlackClock "0:01:02"]
[Board "188"]

1. e4 c5 2. Nf3 e6 3. d4 cxd4 4. Nxd4 a6 5. Bd3 Ne7 6. O-O Nbc6 7. c3 d5 8. exd5 Nxd4 9. cxd4 Nxd5 10. Nc3 Be7 11. Be4 Nxc3 12. bxc3 O-O 13. Rb1 Rb8 14. Bf4 Bd6 15. Qf3 b5 16. c4 Bxf4 17. Qxf4 Bb7 18. Bxb7 Rxb7 19. cxb5 axb5 20. Qe5 Qd5 21. Qxd5 exd5 22. Rb4 Ra8 23. Rc1 g6 24. Rc2 Ra4 25. Rcb2 Rba7 26. Rxb5 Rxd4 27. g3 Kg7 28. Rc5 h5 29. Kg2 Rda4 30. Rxd5 Rxa2 31. Rxa2 Rxa2 32. Rb5 1/2-1/2


[Site "https://www.chess.com"]

[Event "Titled Tuesday Blitz July 11 Early 2023"]
[White "Sliwicki, Damian"]
[Black "Onslow, Alfie"]
[WhiteFideId "1127128"]
[BlackFideId "436976"]
[WhiteElo "2486"]
[BlackElo "2240"]
[Result "0-1"]
[Round "2"]
[TimeControl "180+2"]
[Date "2023.07.11"]
[WhiteClock "0:00:12"]
[BlackClock "0:00:55"]
[Board "189"]

1. e4 c5 2. Nf3 Nc6 3. d4 cxd4 4. Nxd4 Qc7 5. Nc3 e6 6. g3 a6 7. Bg2 Nf6 8. O-O Nxd4 9. Qxd4 Bc5 10. Bf4 d6 11. Qd3 h6 12. Rad1 e5 13. Be3 Bb4 14. Na4 Be6 15. c3 Bc5 16. b4 Bxe3 17. fxe3 Bc4 18. Qxd6 Qxd6 19. Rxd6 Bxf1 20. Kxf1 Rd8 21. Rb6 Rd1+ 22. Ke2 Ra1 23. Nc5 Rxa2+ 24. Kf3 O-O 25. Rxb7 g5 26. g4 Rd8 27. Kg3 Nxg4 28. Kxg4 Rxg2+ 29. Kf5 Rxh2 30. Kxe5 Rf2 31. Nxa6 g4 32. Nc7 g3 33. Nd5 g2 34. Ne7+ Kf8 35. Nf5 g1=Q 36. Kf6 Qg6+ 37. Ke5 Qe6# 0-1


[Site "https://www.chess.com"]

[Event "Titled Tuesday Blitz July 11 Early 2023"]
[White "Namitbir Singh Walia"]
[Black "Kopacz, Grzegorz"]
[WhiteFideId "35071068"]
[BlackFideId "1109880"]
[WhiteElo "2483"]
[BlackElo "2235"]
[Result "1-0"]
[Round "2"]
[TimeControl "180+2"]
[Date "2023.07.11"]
[WhiteClock "0:01:01"]
[BlackClock "0:00:16"]
[Board "190"]

1. e4 c5 2. Nf3 g6 3. d4 cxd4 4. c3 Nc6 5. cxd4 d5 6. exd5 Qxd5 7. Nc3 Qa5 8. Bc4 e6 9. O-O Bg7 10. Nb5 Nge7 11. Nd6+ Kf8 12. Ng5 h6 13. Ngxf7 Rg8 14. Nxc8 Rxc8 15. Bxe6 Bxd4 16. Bxh6+ Ke8 17. Nd6+ 1-0


[Site "https://www.chess.com"]

[Event "Titled Tuesday Blitz July 11 Early 2023"]
[White "lagarto93"]
[Black "rikchessmx"]
[WhiteElo "2483"]
[BlackElo "2227"]
[Result "1-0"]
[Round "2"]
[TimeControl "180+2"]
[Date "2023.07.11"]
[WhiteClock "0:01:26"]
[BlackClock "0:00:00"]
[Board "191"]

1. d4 Nf6 2. c4 e6 3. Nc3 d5 4. cxd5 exd5 5. Bg5 Nbd7 6. e3 Be7 7. Bd3 O-O 8. Nge2 c6 9. O-O g6 10. Qc2 Nh5 11. Bxe7 Qxe7 12. Rab1 a5 13. a3 f5 14. b4 axb4 15. axb4 b5 16. Nf4 Nhf6 17. Qb3 Nb6 18. Ra1 Bd7 19. h3 Nc4 20. Bxc4 dxc4 21. Qb2 g5 22. Nfe2 Be6 23. Ng3 h5 24. Qc2 1-0


[Site "https://www.chess.com"]

[Event "Titled Tuesday Blitz July 11 Early 2023"]
[White "Ruge, Edison"]
[Black "Camacho Collados, Marcos"]
[WhiteFideId "4401000"]
[BlackFideId "2266237"]
[WhiteElo "2225"]
[BlackElo "2482"]
[Result "0-1"]
[Round "2"]
[TimeControl "180+2"]
[Date "2023.07.11"]
[WhiteClock "0:00:00"]
[BlackClock "0:00:03"]
[Board "192"]

1. e4 g6 2. d4 Bg7 3. Nc3 a6 4. Be2 b5 5. a3 Bb7 6. g4 c5 7. d5 d6 8. g5 Nd7 9. Be3 h6 10. f4 hxg5 11. fxg5 Ne5 12. Nf3 Rh3 13. Bf4 Nxf3+ 14. Bxf3 Qa5 15. Bd2 c4 16. Bg4 Rxc3 17. bxc3 Bxc3 18. Bxc3 Qxc3+ 19. Ke2 Qe5 20. Kf3 f5 21. gxf6 Nxf6 22. Re1 Nxg4 23. Kxg4 O-O-O 24. Qd2 Rh8 25. h4 Kb8 26. Qg5 Bc8+ 27. Kf3 Qc3+ 28. Qe3 Rf8+ 29. Kg2 Qxc2+ 30. Re2 Qa4 31. Qb6+ Bb7 32. Rf1 Rxf1 33. Kxf1 c3 34. Rf2 Qc4+ 35. Kg2 Qc7 36. Rf8+ Qc8 0-1


[Site "https://www.chess.com"]

[Event "Titled Tuesday Blitz July 11 Early 2023"]
[White "Belov, Alexei"]
[Black "Larina, Maria"]
[WhiteFideId "4128206"]
[BlackFideId "24113182"]
[WhiteElo "2480"]
[BlackElo "2219"]
[Result "1-0"]
[Round "2"]
[TimeControl "180+2"]
[Date "2023.07.11"]
[WhiteClock "0:00:31"]
[BlackClock "0:00:00"]
[Board "193"]

1. e4 c6 2. d4 d5 3. Nd2 dxe4 4. Nxe4 Nf6 5. Nxf6+ exf6 6. c3 Bd6 7. Bd3 O-O 8. Ne2 Re8 9. Qc2 h5 10. Be3 Nd7 11. O-O-O Nf8 12. c4 Be6 13. Nc3 Rc8 14. c5 Be7 15. Be4 b6 16. d5 cxd5 17. Bxd5 Bxd5 18. Rxd5 Qc7 19. Rxh5 g6 20. Rd5 Bxc5 21. Bxc5 bxc5 22. g3 Ne6 23. Ne4 Kg7 24. Rhd1 Nd4 25. Qd3 Qa5 26. Kb1 Red8 27. Qxd4 cxd4 28. Rxa5 Rc7 29. Nc5 f5 30. Nd3 Re7 31. Re5 Rc7 32. Rc1 Rb7 33. Rce1 Rdb8 34. Rd5 a6 35. Rxd4 Kf6 36. Rd6+ Kg7 37. b3 a5 38. Re2 a4 39. Nc5 Rb5 40. Nxa4 1-0


[Site "https://www.chess.com"]

[Event "Titled Tuesday Blitz July 11 Early 2023"]
[White "Thiel, Thomas"]
[Black "Herman, Matthew"]
[WhiteFideId "4615964"]
[BlackFideId "2028964"]
[WhiteElo "2203"]
[BlackElo "2479"]
[Result "1-0"]
[Round "2"]
[TimeControl "180+2"]
[Date "2023.07.11"]
[WhiteClock "0:01:42"]
[BlackClock "0:00:00"]
[Board "195"]

1. e4 c5 2. Nc3 a6 3. Nge2 e6 4. g3 b5 5. Bg2 Bb7 6. d4 cxd4 7. Nxd4 Nc6 8. O-O Nxd4 9. Qxd4 f6 10. Re1 Ne7 11. a4 Nc6 12. Qd1 b4 13. Ne2 Bc5 14. Bf4 Qb6 15. Rf1 Ne5 16. a5 Qa7 17. Nc1 Bd4 18. Rb1 Ng6 19. Qh5 Be5 20. Bd2 Qc5 21. Nd3 Qxc2 22. Nxe5 fxe5 23. Bxb4 Bxe4 24. Rbc1 1-0


[Site "https://www.chess.com"]

[Event "Titled Tuesday Blitz July 11 Early 2023"]
[White "Schachpanda_Youtube"]
[Black "Shishkov, Andrei"]
[BlackFideId "4500563"]
[WhiteElo "2198"]
[BlackElo "2478"]
[Result "0-1"]
[Round "2"]
[TimeControl "180+2"]
[Date "2023.07.11"]
[WhiteClock "0:00:02"]
[BlackClock "0:00:13"]
[Board "196"]

1. e4 d5 2. exd5 Nf6 3. Nf3 Nxd5 4. d4 Bg4 5. c4 Nb6 6. c5 N6d7 7. Bc4 e6 8. Nc3 Nc6 9. Be3 Be7 10. h3 Bh5 11. O-O O-O 12. Ne4 Nf6 13. Ng3 Bxf3 14. Qxf3 Nxd4 15. Qxb7 Bxc5 16. Rfd1 Rb8 17. Qa6 Rxb2 18. Bb3 e5 19. Qc4 Qe7 20. Rac1 Nxb3 21. Bxc5 Nxc5 22. Qxc5 Qxc5 23. Rxc5 Rxa2 24. Rxc7 Re8 25. Nf5 Kf8 26. g4 g6 27. g5 gxf5 28. gxf6 Ra6 29. Rdd7 Rxf6 30. Rxa7 e4 31. Kg2 f4 32. Ra2 Rg6+ 33. Kf1 Rb8 34. Ke2 Rb3 35. Ra8+ Kg7 36. Raa7 f3+ 37. Kd2 Rf6 38. Re7 Rb2+ 39. Ke3 Re2+ 40. Kd4 e3 41. Rxe3 Rxf2 42. Ra5 Rg2 43. Raa3 f2 44. Rg3+ Rxg3 45. Rxg3+ Kh6 0-1


[Site "https://www.chess.com"]

[Event "Titled Tuesday Blitz July 11 Early 2023"]
[White "Tagliata"]
[Black "Akylbek2021"]
[WhiteElo "2193"]
[BlackElo "2477"]
[Result "0-1"]
[Round "2"]
[TimeControl "180+2"]
[Date "2023.07.11"]
[WhiteClock "0:01:16"]
[BlackClock "0:02:07"]
[Board "197"]

1. e4 e6 2. d4 d5 3. Nd2 Nc6 4. Ngf3 Nf6 5. e5 Nd7 6. c3 f6 7. exf6 Qxf6 8. Bd3 Bd6 9. Nf1 e5 10. dxe5 Ndxe5 11. Nxe5 Nxe5 12. Be2 O-O 13. Be3 c6 14. Ng3 Be6 15. O-O g6 16. f4 Nd7 17. Bd4 Qh4 18. f5 gxf5 19. Qd3 f4 20. Nh5 f3 21. Rxf3 Qxh2+ 22. Kf2 Qxh5 23. g4 0-1


[Site "https://www.chess.com"]

[Event "Titled Tuesday Blitz July 11 Early 2023"]
[White "Jovic, Stanoje"]
[Black "Mishra, Manoj"]
[WhiteFideId "905020"]
[BlackFideId "5006007"]
[WhiteElo "2477"]
[BlackElo "2177"]
[Result "1-0"]
[Round "2"]
[TimeControl "180+2"]
[Date "2023.07.11"]
[WhiteClock "0:00:28"]
[BlackClock "0:00:13"]
[Board "198"]

1. c4 Nf6 2. g3 h5 3. h3 g6 4. Nc3 Bg7 5. Bg2 c5 6. Nf3 Nc6 7. O-O d6 8. d4 h4 9. g4 Bxg4 10. hxg4 h3 11. Bh1 Qd7 12. Nh2 cxd4 13. Nd5 Nxg4 14. e4 Nxh2 15. Kxh2 Ne5 16. Bf3 Nxc4 17. Bf4 e6 18. Nb4 Nxb2 19. Qb3 d3 20. Nxd3 Nxd3 21. Qxd3 g5 22. Bxg5 Be5+ 23. Kh1 Rg8 24. Be3 h2 25. Rac1 Qe7 26. Qb5+ Kf8 27. Bh6+ Rg7 28. Bg2 Kg8 29. Bxg7 Kxg7 30. f4 Bd4 31. f5 exf5 32. Qxf5 Rh8 33. Qg4+ Kf8 34. Rc8+ 1-0


[Site "https://www.chess.com"]

[Event "Titled Tuesday Blitz July 11 Early 2023"]
[White "Dargan, Paul A G"]
[Black "Fernandez Lopez, Ruben"]
[WhiteFideId "416762"]
[BlackFideId "24518298"]
[WhiteElo "2172"]
[BlackElo "2474"]
[Result "0-1"]
[Round "2"]
[TimeControl "180+2"]
[Date "2023.07.11"]
[WhiteClock "0:01:57"]
[BlackClock "0:02:48"]
[Board "199"]

1. e4 d5 2. exd5 Nf6 3. Nc3 Nxd5 4. Qf3 Nxc3 5. Bc4 e6 6. bxc3 Nc6 7. d4 Bd6 8. Ne2 O-O 9. h4 e5 10. Be3 Qe7 11. h5 e4 0-1


[Site "https://www.chess.com"]

[Event "Titled Tuesday Blitz July 11 Early 2023"]
[White "Novikova, Margarita"]
[Black "Kopczynski, Michal"]
[WhiteFideId "14109689"]
[BlackFideId "1124200"]
[WhiteElo "2171"]
[BlackElo "2472"]
[Result "0-1"]
[Round "2"]
[TimeControl "180+2"]
[Date "2023.07.11"]
[WhiteClock "0:00:00"]
[BlackClock "0:00:44"]
[Board "200"]

1. e4 b6 2. d4 Bb7 3. Nc3 e6 4. Nf3 Nf6 5. e5 Ne4 6. Nxe4 Bxe4 7. Bd3 Bxd3 8. Qxd3 d5 9. Bg5 Be7 10. Bxe7 Qxe7 11. O-O O-O 12. h4 h6 13. g3 c5 14. c3 Nc6 15. a3 f5 16. exf6 Rxf6 17. Ne5 Nxe5 18. dxe5 Rf5 19. f4 Raf8 20. Kg2 Qb7 21. Kg1 g5 22. hxg5 hxg5 23. Qe3 gxf4 24. Rxf4 Qg7 25. Rxf5 Rxf5 26. Re1 d4 27. cxd4 cxd4 28. Qd3 Rxe5 29. Rxe5 Qxe5 30. Qg6+ Kf8 31. Qh6+ Ke7 32. Qh7+ Kd6 33. Qxa7 Qxg3+ 34. Kf1 Qf3+ 35. Kg1 Qe3+ 36. Kf1 d3 37. Qb8+ Kd5 38. Qb7+ Ke5 39. Qg7+ Ke4 40. Qh7+ Kd5 41. Qd7+ Kc4 42. Qa4+ Kc5 43. Qb4+ Kd5 44. Qb5+ Kd6 45. Qb4+ Qc5 46. Qf4+ Kc6 47. Qa4+ b5 48. Qa8+ Kc7 49. Qa5+ Kb7 50. Qd2 Qc2 51. Qb4 Qc4 52. Qe7+ Kc6 53. Qe8+ Kd5 54. Qd7+ Ke5 55. Qg7+ Ke4 56. Qg4+ Ke3 57. Qg3+ Kd2 58. Qf2+ Kc1 59. Qe3+ Kxb2 60. Qd2+ Kb1 61. Qd1+ Qc1 0-1


[Site "https://www.chess.com"]

[Event "Titled Tuesday Blitz July 11 Early 2023"]
[White "Baches Garcia, Guillermo"]
[Black "Kiseleva, Arina"]
[WhiteFideId "2209764"]
[BlackFideId "4164989"]
[WhiteElo "2471"]
[BlackElo "2169"]
[Result "1-0"]
[Round "2"]
[TimeControl "180+2"]
[Date "2023.07.11"]
[WhiteClock "0:00:12"]
[BlackClock "0:00:00"]
[Board "201"]

1. e4 c6 2. d4 d5 3. e5 Bf5 4. h4 h5 5. Bd3 Bxd3 6. Qxd3 Qa5+ 7. Nd2 e6 8. Nf3 Ne7 9. O-O Nf5 10. c4 Be7 11. g3 Qa6 12. b3 c5 13. Bb2 Nc6 14. Rfe1 Rd8 15. dxc5 Bxc5 16. Kg2 Nb4 17. Qb1 dxc4 18. Nxc4 Nd3 19. Re2 Nxb2 20. Qxb2 b5 21. Ncd2 Nd4 22. Re4 Nxf3 23. Nxf3 O-O 24. Qc2 Rc8 25. Qe2 g6 26. Ng5 Be7 27. g4 Bxg5 28. hxg5 hxg4 29. Rxg4 Qc6+ 30. Kg3 Qc3+ 31. Qf3 Qxa1 32. Qf6 Rc3+ 33. Kg2 Rc1 34. Rh4 Rg1+ 35. Kf3 Qd1+ 36. Kf4 Qh5 37. Rxh5 gxh5 38. Qh6 Rg4+ 39. Kf3 1-0


[Site "https://www.chess.com"]